 Dungeon Crawl Stone Soup version 0.20.1-1-g8b1a95d (webtiles) character file.

710 Irenicus the Martial Artist (level 7, -3/46 HPs)
             Began as an Octopode Chaos Knight on Oct 12, 2017.
             Slain by a sky beast (6 damage)
             ... on level 5 of the Dungeon.
             The game lasted 00:05:29 (3305 turns).

Irenicus the Martial Artist (Octopode Chaos Knight) Turns: 3305, Time: 00:05:30

Health: -3/46      AC:  1    Str: 10    XL:     7   Next: 68%
Magic:  6/7        EV: 15    Int: 14    God:    Xom [...*..]
Gold:   273        SH:  0    Dex: 13    Spells: 5/6 levels left

rFire    . . .     SeeInvis .     - Unarmed
rCold    . . .     Gourm    .   (no shield)
rNeg     . . .     Faith    .   (helmet restricted)
rPois    .         Spirit   .   (no amulet)
rElec    .         Reflect  .   j - +2 ring of evasion
rCorr    .         Harm     .   (no ring)
MR       .....                  (no ring)
Stlth    ++........             (no ring)
Regen    0.2/turn               (no ring)
MPRegen  0.1/turn               (no ring)
                                (no ring)
                                (no ring)

@: infused (expiring)
A: almost no armour, stealthy swim, amphibious, 8 rings, constrict 8, camouflage
1, weak 1, gelatinous body 1
a: Renounce Religion


You were on level 5 of the Dungeon.
You worshipped Xom.
You were a favourite toy of Xom.
You were not hungry.

You visited 1 branch of the dungeon, and saw 5 of its levels.

You collected 273 gold pieces.

Inventory:

Hand Weapons
 v - a +0 morningstar
Jewellery
 j - a +2 ring of evasion (left tentacle)
 u - an uncursed amulet of the gourmand {unknown}
Wands
 w - a wand of random effects (41/48)
Scrolls
 d - 4 scrolls of identify {unknown}
 e - 2 scrolls of magic mapping {unknown}
 k - a scroll of amnesia {unknown}
 m - 2 scrolls of remove curse {unknown}
 o - 2 scrolls of enchant armour {unknown}
 p - a scroll of recharging {unknown}
 q - a scroll of blinking {unknown}
 r - a scroll of teleportation {unknown}
 x - 3 scrolls of fog {unknown}
Potions
 c - a potion of lignification
 f - 2 potions of might {unknown}
 g - a potion of ambrosia {unknown}
 h - 2 potions of haste {unknown}
 i - a potion of brilliance {unknown}
 l - 2 potions of mutation {unknown}
 n - a potion of flight {unknown}
 A - a potion of curing
Books
 s - a book of Battle

   Spells                             Type                      Level
   a - Infusion                       Charms                       1
   b - Shroud of Golubria             Charms/Translocation         2
   c - Song of Slaying                Charms                       2
   d - Spectral Weapon                Hexes/Charms                 3
   e - Regeneration                   Charms/Necromancy            3
Comestibles
 a - 8 bread rations
 b - 4 royal jellies
 t - 2 meat rations


   Skills:
 - Level 3.0 Fighting
 - Level 2.3 Dodging
 + Level 8.8 Unarmed Combat


You had 5 spell levels left.
You knew the following spells:

 Your Spells              Type           Power        Failure   Level  Hunger
a - Infusion              Chrm           #...         28%         1    ##.....


Dungeon Overview and Level Annotations

Branches:
Dungeon (5/15)             Temple (0/1) D:4

Altars:
Okawaru
Sif Muna
Yredelemnul
The Shining One


Innate Abilities, Weirdness & Mutations

You cannot wear most types of armour.
You are very stealthy in the water. (Stealth+)
You are amphibious.
You can wear up to eight rings at the same time.
You can use your tentacles to constrict eight enemies at once.
Your skin changes colour to match your surroundings (Stealth+).
Your rubbery body absorbs attacks. (AC +1, EV +1)
You are weak. (Str -2)


Message History

You constrict the crimson imp. The crimson imp hits you.
* * * LOW HITPOINT WARNING * * *
You tentacle-slap the crimson imp but do no damage.
You squeeze the crimson imp.
The crimson imp is moderately wounded.
You constrict the crimson imp. The crimson imp hits you.
* * * LOW HITPOINT WARNING * * *
All of the chunks of flesh in your inventory have rotted away.
You bludgeon the crimson imp!
You kill the crimson imp!
You closely miss the sky beast.
Your tentacle-slap misses the sky beast.
Your squeeze misses the sky beast.
The sky beast is almost dead.
The sky beast flickers out of sight!
Deactivating autopickup; reactivate with Ctrl-A.
Something hits you.
* * * LOW HITPOINT WARNING * * *
Something shocks you.
You die...

#########
###########........
#..................
...................
#.#................
#####.#.######.........
...#.#.######{#####'##
#####.#.#.#...##@#####.
..........†............)
..###.#.....#.##.#####..
#.###.#......# #.#
#.#.#.#### #.# #.#...#
#.# #.######## ##### #.#
#.# #..# #...# #.# #.#
##..### #._.#


There were no monsters in sight!

Vanquished Creatures
  Sigmund (D:3)
  An ogre (D:4)
  2 crimson imps (D:5)
  3 hounds (D:4)
  2 bullfrog skeletons (D:5)
  5 worker ants
  A hound skeleton (D:4)
  5 adders
  2 oozes
  An adder skeleton (D:5)
  A worm (D:2)
  A dart slug (D:2)
  2 orcs
  6 bats
  7 giant cockroaches
  5 goblins
  6 hobgoblins
  10 jackals
  2 quokkas
  A ball python (D:4)
  9 frilled lizards
  6 kobolds
  A quokka skeleton (D:4)
  2 rats (D:1)
82 creatures vanquished.

Notes
Turn   | Place    | Note
-------+----------+-------------------------------------------
     0 | D:1      | Irenicus the Octopode Chaos Knight began the quest for the Orb.
     0 | D:1      | Reached XP level 1. HP: 16/16 MP: 1/1
    60 | D:1      | XOM: potion effect (agility)
    63 | D:1      | Reached XP level 2. HP: 15/21 MP: 2/2
    65 | D:1      | XOM: divination: detect creatures
   123 | D:1      | XOM: divination: detect creatures
   298 | D:1      | XOM: noise
   401 | D:1      | XOM: scenery: 1 doors close
   442 | D:1      | Reached skill level 4 in Unarmed Combat
   542 | D:1      | XOM: harmless Chrm miscast
   571 | D:1      | Reached XP level 3. HP: 25/26 MP: 3/3
   826 | D:2      | XOM: confusion
   832 | D:2      | XOM: give mutation
   832 | D:2      | Gained mutation: You are weak. (Str -2) [Xom's mischief]
   837 | D:2      | XOM: harmless Chrm miscast
  1166 | D:2      | XOM: stat loss: -1 Dex (11/12)
  1291 | D:2      | Found a faded altar of an unknown god.
  1398 | D:3      | Noticed Sigmund
  1410 | D:3      | Killed Sigmund
  1410 | D:3      | Reached skill level 6 in Unarmed Combat
  1410 | D:3      | Reached XP level 4. HP: 31/31 MP: 4/4
  1410 | D:3      | Reached XP level 5. HP: 36/36 MP: 5/5
  1482 | D:3      | Reached XP level 6. HP: 40/42 MP: 6/6
  1648 | D:3      | XOM: blink monster(s)
  1683 | D:3      | XOM: medium Conj miscast
  1893 | D:3      | Found a basalt altar of Yredelemnul.
  1931 | D:3      | Found a deep blue altar of Sif Muna.
  2090 | D:4      | Reached skill level 7 in Unarmed Combat
  2167 | D:4      | XOM: god gift: scroll labeled MATIRUZXYEC {god gift}
  2235 | D:4      | Reached XP level 7. HP: 43/46 MP: 7/7
  2366 | D:4      | XOM: god gift: meat ration
  2474 | D:4      | Found a staircase to the Ecumenical Temple.
  2671 | D:5      | Entered Level 5 of the Dungeon
  2682 | D:5      | Reached skill level 8 in Unarmed Combat
  3034 | D:5      | Found an iron altar of Okawaru.
  3129 | D:5      | Learned a level 1 spell: Infusion
  3220 | D:5      | Found a glowing golden altar of the Shining One.
  3305 | D:5      | Slain by a sky beast

Skill      XL: |  1  2  3  4  5  6  7 |
---------------+----------------------+-----
Unarmed Combat | 4 6 7 8 |  8.8
Fighting       | |  3.0
Dodging        | |  2.3

Action                   |  1- 3 |  4- 6 |  7- 9 || total
-------------------------+-------+-------+-------++-------
Melee: Unarmed           |    82 |    76 |    66 ||   224
       Tentacles         |     7 |     9 |     9 ||    25
       Constrict         |    11 |    15 |    14 ||    40
       Punch             |     1 |     1 |     3 ||     5
 Cast: Infusion          |       |       |     1 ||     1
Evoke: Wand              |       |       |     1 ||     1
  Use: Potion            |     2 |       |     2 ||     4
 Stab: Sleeping          |     7 |     3 |     1 ||    11
  Eat: Chunk             |     1 |     3 |     4 ||     8
Armor: Skin              |     9 |     8 |    14 ||    31
Dodge: Dodged            |    49 |    50 |    31 ||   130
